 Dungeon Sprint DCSS version 0.28-a0-268-g3f656e82c2 (webtiles) character file.

Game seed: 7216390744156583778

10219 Ankalagon the Champion of Chaos (level 11, 0/110 HPs)
             Began as a Deep Dwarf Fighter on Aug 29, 2021.
             Was the Champion of Makhleb.
             Slain by a black draconian (16 damage)
             ... in the Dungeon (Sprint V: "Ziggurat Sprint").
             The game lasted 00:06:01 (506 turns).

Ankalagon the Champion of Chaos (Deep Dwarf Fighter) Turns: 506, Time: 00:06:01

Health: 0/110      AC: 21    Str: 29    XL:     11   Next: 33%
Magic:  19/19      EV:  0    Int:  7    God:    Makhleb [******]
Gold:   0          SH: 29    Dex: 10    Spells: 10/10 levels left

rFire   + + .      SeeInvis .   R - +9 sword of Zonguldrok {reap}
rCold   + . .      Faith    .   O - +18 shield of the Gong {rElec rN+ Will+ EV-5}
rNeg    + . .      Spirit   .   s - +5 gold dragon scales
rPois   +          Reflect  .   (no helmet)
rElec   +          Harm     .   H - +0 cloak {Will+}
rCorr   +          Rampage  .   (no gloves)
Will    ++++.      NoTele   +   (no boots)
Stlth   ..........              X - amulet of Mimo Joq {Acrobat rCorr Slay+5}
HPRegen 0.00/turn               L - +6 ring of strength
MPRegen 0.16/turn               J - ring of Ashogroth {*Corrode rF+ Will+ Slay+2}

@: constricted, unable to read
A: damage resistance, heal wounds, sense surroundings 2, no regeneration,
iridescent scales 1, clumsy 1, deformed body, deterioration 1, dopey 1, low mp
1, inability to read while threatened
a: Heal Wounds, Renounce Religion, Minor Destruction, Lesser Servant of Makhleb,
Major Destruction, Greater Servant of Makhleb


You were in the Dungeon.
You worshipped Makhleb.
Makhleb was exalted by your worship.
You visited 1 branch

Inventory:

Hand Weapons
 P - the +7 Singing Sword {vorpal, sonic wave}
   (You found it in the Dungeon)

   It inflicts extra damage upon your enemies.
   It radiates damaging sonic waves as it strikes, especially in combat
   involving dangerous or numerous foes.
 Q - the +5 sword of Power {vorpal}
   (You found it in the Dungeon)

   It inflicts extra damage upon your enemies.
   It occasionally discharges a powerful but inaccurate bolt of energy upon
   striking a foe, with increased chance the greater the wielder's current
   health.
 R - the +9 sword of Zonguldrok (weapon) {reap}
   (You found it in the Dungeon)

   Any living foe damaged by it may be reanimated upon death as a zombie
   friendly to the wielder, with an increasing chance as more damage is dealt.
Armour
 o - +5 fire dragon scales
 p - +5 ice dragon scales
 q - +5 storm dragon scales
 r - +5 shadow dragon scales
 s - +5 gold dragon scales (worn)
 t - a +5 crystal plate armour
 u - a +5 plate armour
 v - a +3 kite shield
 w - a +3 tower shield
 H - a +0 cloak of willpower (worn)
 O - the +18 shield of the Gong (worn) {rElec rN+ Will+ EV-5}
   (You found it in the Dungeon)

   It is deafeningly noisy when blocking attacks.
   EV:        It affects your evasion (-5).
   rElec:     It insulates you from electricity.
   rN:        It protects you from negative energy.
   Will:      It increases your willpower.
Jewellery
 G - a ring of flight
 J - the ring of Ashogroth (right hand) {*Corrode rF+ Will+ Slay+2}
   (You found it in the Dungeon)

   [ring of willpower]

   Slay:      It affects your accuracy & damage with ranged weapons and melee
   (+2).
   rF:        It protects you from fire.
   *Corrode:  It may corrode you when you take damage.
   Will:      It increases your willpower.
 K - the ring of the Ageing Saviour {rElec AC+4}
   (You found it in the Dungeon)

   [ring of protection]

   AC:        It affects your AC (+4).
   rElec:     It insulates you from electricity.
 L - a +6 ring of strength (left hand)
 M - a +6 ring of strength
 T - the amulet of Curiosity {Reflect rF+ rC++ Will- SH+5}
   (You found it in the Dungeon)

   [amulet of reflection]

   It reflects blocked missile attacks.
   rF:        It protects you from fire.
   rC:        It greatly protects you from cold.
   SH:        It affects your SH (+5).
   Will:      It decreases your willpower.
 V - the ring "Rututing" {Str+5 Int-3 SInv}
   (You found it in the Dungeon)

   [ring of see invisible]

   Str:       It affects your strength (+5).
   Int:       It affects your intelligence (-3).
   SInv:      It lets you see invisible.
 X - the amulet of Mimo Joq (around neck) {Acrobat rCorr Slay+5}
   (You found it in the Dungeon)

   [amulet of the acrobat]

   It increases your evasion while moving and waiting.
   Slay:      It affects your accuracy & damage with ranged weapons and melee
   (+5).
   rCorr:     It protects you from acid and corrosion.
Wands
 D - a wand of mindburst (7)
 E - a wand of iceblast (6)
 F - a wand of acid (7)
Scrolls
 j - 4 scrolls of blinking
 y - 7 scrolls of fog
 z - a scroll of holy word
 A - 5 scrolls of identify
 B - 2 scrolls of fear
 C - 4 scrolls of amnesia
Potions
 d - 6 potions of might
 e - 10 potions of curing
 f - 8 potions of heal wounds
 g - 5 potions of haste
 h - 7 potions of magic
 i - 3 potions of berserk rage
 k - 2 potions of brilliance
 l - 2 potions of invisibility
 m - 4 potions of resistance
Miscellaneous
 a - a phantom mirror
 n - a phantom mirror
 N - a lightning rod (1/4) (quivered)
 S - a phial of floods
 U - a tin of tremorstones (2/2)


   Skills:
 + Level 10.5 Fighting
 + Level 11.0 Long Blades
 + Level 12.1 Armour
 + Level 11.6 Dodging
 + Level 12.2 Shields
 + Level 13.6 Invocations
 + Level 13.5 Evocations


You had 10 spell levels left.
You didn't know any spells.
Your spell library contained the following spells:

 Spells                   Type           Power      Damage    Failure   Level
 Sandblast                Erth           0%         2d4       100%        1
 Passwall                 Tmut/Erth      0%         N/A       100%        2
 Inner Flame              Hex/Fire       0%         N/A       100%        3
 Cause Fear               Hex            0%         N/A       100%        4
 Iskenderun's Mystic Bla  Conj/Tloc      0%         2d3       100%        4
 Passage of Golubria      Tloc           N/A        N/A       100%        4
 Fireball                 Conj/Fire      0%         3d3       100%        5
 Iskenderun's Battlesphe  Conj           0%         2d6       100%        5
 Lee's Rapid Deconstruct  Erth           0%         3d5*      100%        5
 Summon Forest            Summ/Tloc      0%         N/A       100%        5
 Conjure Ball Lightning   Conj/Air       0%         3x3d6     100%        6
 Haunt                    Necr/Summ      0%         N/A       100%        7
 Orb of Destruction       Conj           0%         N/A       100%        7
 Discord                  Hex            0%         N/A       100%        8


Dungeon Overview and Level Annotations

Branches:
Dungeon (1/1)

Altars:
Ashenzari
Cheibriados
Dithmenos
Elyvilon
Fedhas
Gozag
Hepliaklqana
Kikubaaqudgha
Makhleb
Nemelex Xobeh
Okawaru
Qazlal
Ru
Sif Muna
Trog
Uskayaw
Vehumet
Wu Jian
Xom
Yredelemnul
Zin
The Shining One
Beogh
Jiyva
Lugonu

Annotations:
D 1 transporter


Innate Abilities, Weirdness & Mutations

You are resistant to damage.
You can heal yourself by infusing magical energy.
You passively map the area around you.
You do not regenerate.
You are partially covered in iridescent scales. (AC +2)
You are clumsy. (Dex -2)
Armour fits poorly on your strangely shaped body.
Your body sometimes deteriorates upon taking damage.
You are dopey. (Int -2)
Your magical capacity is low. (-10% MP)
You sometimes lose the ability to read scrolls when taking damage.


Message History

GONNNNG!
The tentacled monstrosity tentacle-slaps you!
You feel threatened and lose the ability to read scrolls!
* * * LOW HITPOINT WARNING * * *
The tentacled monstrosity tentacle-slaps you but does no damage.
The tentacled monstrosity grabs you.
The tentacled monstrosity constricts you!
* * * LOW HITPOINT WARNING * * *
The black draconian completely misses you.
The black draconian breathes lightning at you.
The bolt of lightning hits you. You resist.
The yellow draconian shifter closely misses your Executioner.
Your Executioner hits the yellow draconian shifter!
Your Executioner misses the yellow draconian shifter.
Your Executioner hits the yellow draconian shifter!
You feel much better.
Your Executioner hits the yellow draconian shifter!!
Your Executioner misses the yellow draconian shifter.
Your Executioner hits the yellow draconian shifter but does no damage.
You block the storm dragon's attack.
PANG!
You block the storm dragon's attack.
PTOANNNG!
You block the storm dragon's attack.
BONNNG!
You block the red draconian's attack.
SHROANNG!
The red draconian hits you from afar with a +0 trident!
* * * LOW HITPOINT WARNING * * *
The tentacled monstrosity tentacle-slaps you.
* * * LOW HITPOINT WARNING * * *
The tentacled monstrosity tentacle-slaps you but does no damage.
You block the tentacled monstrosity's attack.
GONNNNG!
The tentacled monstrosity constricts you!
* * * LOW HITPOINT WARNING * * *
The black draconian hits you from afar with a +0 trident!
* * * LOW HITPOINT WARNING * * *
The black draconian hits you with a +3 long sword!
You die...

,8
▓...8©8...▓...8©8...▓
,
▓..[}")|..▓..|))[...▓
,
▓..))|[}..▓....[.}..▓
,
▓.........▓....[=...▓
,,
▓.........▓.........▓
,
▓......q..▓.........▓
,
,▓......1..▓....†....▓
* ,
▓....ddd..▓.........▓
*,, *
▓....dX@.°▓....©....▓
,, , ,
▓....dD.○.▓▓▓▓▓▓▓▓▓▓▓
* ** ▓▓▓▓▓▓▓▓▓▓▓** *
** * * , , , , 8 , , ,
, * , , ,,, , , ,, ,,
* , , ,, , , , , ,, ,
,, ,, , * , ,, , , ,


You could see a tentacled monstrosity (corroded), a storm dragon, 2 draconians,
a purple draconian, 2 draconians, a yellow draconian shifter (ally target) and a
friendly Executioner (summoned).

Vanquished Creatures
  A tentacled monstrosity (D)
  A white draconian (D)
  A hell hog (D)
  2 shining eyes (D)
  5 draconians (D)
  A black mamba (shapeshifter) (D)
  2 jumping spiders (D)
  A slime creature (D)
  A tarantella (D)
  A golden eye (shapeshifter) (D)
  A golden eye (D)
  6 fire elementals (D)
  2 floating eyes (D)
  A hell hound (D)
  2 scorpions (D)
  An orc priest (D)
  An orc wizard (D)
  A mummy (D)
  2 shadow imps (D)
  A white imp (D)
  An ufetubus (D)
  An adder zombie (D)
  An orc (D)
  A bat skeleton (D)
  An endoplasm (D)
  A ball python zombie (D)
  A giant cockroach zombie (D)
  A quokka skeleton (D)
  2 fire vortices (D)
44 creatures vanquished.

Vanquished Creatures (collateral kills)
  A quicksilver dragon (D)
  An ugly thing (D)
  A shining eye (D)
  A yaktaur (shapeshifter) (D)
  A troll (shapeshifter) (D)
  A neqoxec (D)
  A water moccasin (shapeshifter) (D)
  A necrophage (D)
  A bat zombie (D)
  A ball python skeleton (D)
  A quokka skeleton (D)
  A quokka zombie (D)
12 creatures vanquished.

Grand Total: 56 creatures vanquished

Notes
Turn   | Place    | Note
-------+----------+-------------------------------------------
     0 | D        | Ankalagon the Deep Dwarf Fighter began the quest for the
                  | Orb.
     0 | D        | Reached XP level 1. HP: 20/20 MP: 1/1
     0 | D        | Found a shimmering blue altar of Sif Muna.
     0 | D        | Found a sacrificial altar of Ru.
     0 | D        | Found a bloodstained altar of Trog.
     0 | D        | Found a stormy altar of Qazlal.
     0 | D        | Found an iron altar of Okawaru.
     0 | D        | Found a sparkling altar of Nemelex Xobeh.
     0 | D        | Found a blossoming altar of Fedhas.
     0 | D        | Found the +6 Majin-Bo {vamp, MP+6 Int+6}
     0 | D        | Found the +9 heavy crossbow "Sniper" {vorpal, Acc+∞ SInv}
     0 | D        | Found the +10 dark maul {vorpal}
     0 | D        | Found the +15 Maxwell's patent armour {-Cast -Tele rElec
                  | Will+ rCorr}
     0 | D        | Found the +18 shield of the Gong {rElec rN+ Will+ EV-5}
     0 | D        | Found the +14 obsidian axe {vorpal, Drain Fly SInv}
     0 | D        | Found the +7 great mace "Firestarter" {inner flame, rF++}
     0 | D        | Found the +6 shillelagh "Devastator" {shatter}
     0 | D        | Found the +11 plutonium sword {Contam Stlth-}
     0 | D        | Found the +8 lance "Wyrmbane" {slay drac, rPois rF+ rC+
                  | AC+3}
     0 | D        | Found the +9 sword of Zonguldrok {reap}
     0 | D        | Found the +13 scythe of Curses {drain, Drain}
     0 | D        | Found the +5 sword of Power {vorpal}
     0 | D        | Found the +7 mace of Variability {chain chaos}
     0 | D        | Found the +7 Singing Sword {vorpal, sonic wave}
     0 | D        | Found the +8 storm bow {elec, penet}
     8 | D        | Found a viscous altar of Jiyva.
     8 | D        | Found a transporter.
     8 | D        | Found a hazy altar of Hepliaklqana.
     8 | D        | Found an ancient bone altar of Kikubaaqudgha.
     8 | D        | Found an opulent altar of Gozag.
     8 | D        | Found a corrupted altar of Lugonu.
     9 | D        | Found a burning altar of Makhleb.
    39 | D        | Became a worshipper of Makhleb the Destroyer
    67 | D        | Reached XP level 2. HP: 30/30 MP: 1/4
   102 | D        | Entered arena 2.
   102 | D        | Found a transporter.
   111 | D        | Entered arena 3.
   111 | D        | Found a transporter.
   113 | D        | Reached * piety under Makhleb
   114 | D        | Reached XP level 3. HP: 36/36 MP: 4/6
   115 | D        | Reached skill level 5 in Armour
   115 | D        | Reached skill level 5 in Shields
   115 | D        | Reached XP level 4. HP: 44/44 MP: 4/7
   126 | D        | Entered arena 4.
   126 | D        | Noticed a fire elemental
   126 | D        | Noticed a fire elemental
   126 | D        | Noticed a fire elemental
   126 | D        | Found a transporter.
   130 | D        | Killed a fire elemental
   130 | D        | Reached ** piety under Makhleb
   131 | D        | Reached skill level 5 in Fighting
   131 | D        | Reached skill level 5 in Invocations
   131 | D        | Reached skill level 5 in Evocations
   131 | D        | Reached XP level 5. HP: 43/52 MP: 5/9
   131 | D        | Killed a fire elemental
   131 | D        | Killed a fire elemental
   132 | D        | Reached skill level 5 in Long Blades
   132 | D        | Reached skill level 5 in Dodging
   132 | D        | Reached XP level 6. HP: 58/62 MP: 5/11
   141 | D        | Got the Collected Works on Warped Companions
   143 | D        | Entered arena 5.
   143 | D        | Found a transporter.
   145 | D        | Reached *** piety under Makhleb
   153 | D        | Entered arena 6.
   153 | D        | Noticed a jumping spider
   153 | D        | Noticed a tarantella
   153 | D        | Noticed a jumping spider
   153 | D        | Found a transporter.
   155 | D        | Reached **** piety under Makhleb
   156 | D        | Reached XP level 7. HP: 69/69 MP: 8/12
   156 | D        | Killed a tarantella
   156 | D        | Killed a jumping spider
   157 | D        | Killed a jumping spider
   158 | D        | Reached XP level 8. HP: 80/80 MP: 9/14
   167 | D        | Entered arena 7.
   167 | D        | Noticed a draconian
   167 | D        | Noticed a draconian
   167 | D        | Noticed a draconian
   167 | D        | Noticed a draconian
   167 | D        | Noticed a draconian
   167 | D        | Noticed a white draconian
   176 | D        | Killed a draconian
   176 | D        | Reached ***** piety under Makhleb
   177 | D        | Killed a draconian
   177 | D        | Killed a draconian
   177 | D        | Killed a draconian
   177 | D        | Killed a white draconian
   178 | D        | Reached skill level 10 in Armour
   178 | D        | Reached skill level 10 in Shields
   178 | D        | Gained mutation: You passively map the area around you.
                  | [Deep Dwarf growth]
   178 | D        | Reached XP level 9. HP: 90/90 MP: 11/17
   179 | D        | Killed a draconian
   180 | D        | Reached XP level 10. HP: 98/98 MP: 12/18
   181 | D        | Found a transporter.
   188 | D        | Got the amulet of Curiosity {Reflect rF+ rC++ Will- SH+5}
   202 | D        | Entered arena 8.
   202 | D        | Noticed a hell hog
   211 | D        | Reached ****** piety under Makhleb
   211 | D        | Killed a hell hog
   212 | D        | Reached skill level 10 in Dodging
   212 | D        | Found a transporter.
   218 | D        | Got the ring "Rututing" {Str+5 Int-3 SInv}
   227 | D        | Entered arena 9.
   227 | D        | Noticed a shining eye
   227 | D        | Noticed a shining eye
   229 | D        | Found a transporter.
   234 | D        | Gained mutation: You are dopey. (Int -2) [a shining eye]
   235 | D        | Gained mutation: You are clumsy. (Dex -2) [a shining eye]
   239 | D        | Gained mutation: Armour fits poorly on your strangely
                  | shaped body. [a shining eye]
   244 | D        | Lost mutation: Armour fits poorly on your strangely shaped
                  | body. [a shining eye]
   244 | D        | Gained mutation: You are partially covered in iridescent
                  | scales. (AC +2) [a shining eye]
   248 | D        | Gained mutation: Your body sometimes deteriorates upon
                  | taking damage. [a shining eye]
   252 | D        | Gained mutation: Your magical capacity is low. (-10% MP) [a
                  | shining eye]
   253 | D        | Killed a shining eye
   253 | D        | Killed a shining eye
   254 | D        | Reached skill level 10 in Long Blades
   374 | D        | Got the amulet of Mimo Joq {Acrobat rCorr Slay+5}
   390 | D        | Entered arena 10.
   390 | D        | Noticed a cyan ugly thing
   390 | D        | Noticed a shining eye
   390 | D        | Noticed a black mamba
   390 | D        | Gained mutation: Armour fits poorly on your strangely
                  | shaped body. [a shining eye]
   395 | D        | Killed a black mamba
   397 | D        | Gained mutation: You sometimes lose the ability to read
                  | scrolls when taking damage. [a shining eye]
   399 | D        | Killed a cyan ugly thing
   401 | D        | Reached skill level 10 in Fighting
   401 | D        | Found a transporter.
   402 | D        | Killed a shining eye
   403 | D        | Reached XP level 11. HP: 32/108 MP: 18/18
   438 | D        | Entered arena 11.
   439 | D        | Found a transporter.
   451 | D        | Got the ring of Ashogroth {*Corrode rF+ Will+ Slay+2}
   457 | D        | Got the ring of the Ageing Saviour {rElec AC+4}
   487 | D        | Entered arena 12.
   487 | D        | Noticed a red draconian
   487 | D        | Noticed a yellow draconian shifter
   487 | D        | Noticed a tentacled monstrosity
   487 | D        | Noticed a quicksilver dragon
   487 | D        | Noticed a storm dragon
   487 | D        | Found a transporter.
   487 | D        | Noticed a purple draconian
   487 | D        | Noticed a tentacled monstrosity
   487 | D        | Noticed a black draconian
   487 | D        | Noticed a black draconian
   487 | D        | Noticed a red draconian
   491 | D        | Killed a quicksilver dragon
   494 | D        | Killed a tentacled monstrosity
   506 | D        | Slain by a black draconian

Illustrated notes

Levels and vault maps discovered:
D:        sprint_v [room_start, room_1, room_2, room_3, room_4, room_5, room_6,
          room_7, room_8, room_9, room_10, room_11, room_12, room_13, room_14,
          room_15, room_16, room_17, room_18, room_19, room_20, room_21,
          room_22, room_23, room_24, room_25, room_26, room_27]

Skill      XL: |  1  2  3  4  5  6  7  8  9 10 11 |
---------------+----------------------------------+-----
Fighting       | 3 4 5 6 7 8 10 | 10.5
Long Blades    | 3 4 5 6 7 9 10 11 | 11.0
Armour         | 4 5 6 7 8 10 11 12 | 12.1
Dodging        | 2 3 4 5 6 7 9 11 | 11.6
Shields        | 4 5 6 7 8 10 11 12 | 12.2
Invocations    | 3 4 5 7 8 11 12 13 | 13.6
Evocations     | 3 4 5 7 8 11 12 13 | 13.5

Action                   |  1- 3 |  4- 6 |  7- 9 | 10-12 || total
-------------------------+-------+-------+-------+-------++-------
Melee: Double sword      |       |     4 |     6 |    35 ||    45
Invok: Major Destruction |       |       |       |     6 ||     6
       Greater Servant o |       |       |       |     3 ||     3
Evoke: Lightning rod     |     6 |     7 |     5 |     6 ||    24
       Wand              |       |       |       |     1 ||     1
  Use: Potion            |     1 |       |       |     7 ||     8
Armor: Gold dragon scale |       |     4 |     3 |    26 ||    33
Dodge: Dodged            |       |     1 |     2 |    18 ||    21
Block: Buckler           |       |     1 |     2 |    14 ||    17
       Kite shield       |       |       |       |    18 ||    18

Table legend: (Time is in decaauts)
 A = Elapsed time spent in this place.
 B = Non-inter-level travel time spent in this place.
 C = Inter-level travel time spent in this place.
 D = Time resting spent in this place.
 E = Time spent auto-exploring this place.
 F = Levels seen in this place.
 G = Mean time per level.
                   A        B        C        D        E       F      G
               +--------+--------+--------+--------+--------+-----+--------+
         Total |    502 |    502 |      0 |    133 |      0 |   1 |  502.0 |
       Dungeon |    502 |    502 |      0 |    133 |      0 |   1 |  502.0 |
               +--------+--------+--------+--------+--------+-----+--------+

Top non-repeatable levels by time:
       D: 502 daAuts
